 Dungeon Crawl Stone Soup version 0.28-a0-851-g8b9cc49659 (webtiles) character file.

Game seed: 6446037884805912954

82 siradein the Ruffian (level 4, -3/45 HPs)
             Began as a Troll Monk on Nov 15, 2021.
             Slain by an orc (5 damage)
             ... on level 2 of the Dungeon.
             The game lasted 00:03:42 (1165 turns).

siradein the Ruffian (Troll Monk)                   Turns: 1165, Time: 00:03:43

Health: -3/45      AC:  4    Str: 19    XL:     4   Next: 21%
Magic:  3/3        EV: 10    Int:  6    God:
Gold:   71         SH:  0    Dex: 13    Spells: 3/3 levels left

rFire   . . .      SeeInvis .     - Unarmed
rCold   . . .      Faith    .   (no shield)
rNeg    . . .      Spirit   .   a - +0 robe
rPois   .          Reflect  .   (helmet restricted)
rElec   .          Harm     .   (no cloak)
rCorr   .          Rampage  .   (gloves unavailable)
Will    .....                   (boots unavailable)
Stlth   ++........              (no amulet)
HPRegen 1.15/turn               (no ring)
MPRegen 0.08/turn               (no ring)

@: no status effects
A: large, unfitting armour, claws 3, regeneration 1, shaggy fur 1, tough skin 1
a: no special abilities


You were on level 2 of the Dungeon.
You visited 1 branch of the dungeon, and saw 2 of its levels.

You collected 71 gold pieces.

Inventory:

Missiles
 e - 19 stones (quivered)
Armour
 a - a +0 robe (worn)
Scrolls
 c - a scroll of torment {unknown}
Potions
 b - a potion of flight {unknown}
 d - 2 potions of lignification {unknown}


   Skills:
 + Level 3.1 Fighting
 + Level 3.1 Dodging
 - Level 1.0 Stealth
 + Level 3.8 Unarmed Combat


You had 3 spell levels left.
You didn't know any spells.
Your spell library was empty.

Dungeon Overview and Level Annotations

Branches:
Dungeon (2/15)

Altars:


Innate Abilities, Weirdness & Mutations

You are too large for most types of armour.
You have claws for hands.
Your natural rate of healing is unusually fast.
You are covered in fur. (AC +1)
You have tough skin. (AC +1)


Message History

You are too injured to fight recklessly!
You are too injured to fight recklessly!
You are too injured to fight recklessly!
You are too injured to fight recklessly!
Unknown command.
You scratch the orc priest.
The orc priest is lightly wounded.
The orc completely misses you. The orc priest barely misses you.
The orc hits you with a +0 short sword.
* * * LOW HITPOINT WARNING * * *
The orc barely misses you. The orc hits you with a +0 dagger.
* * * LOW HITPOINT WARNING * * *
The orc closely misses you.
You claw the orc!
The orc is almost dead.
The orc hits you with a +0 short sword.
* * * LOW HITPOINT WARNING * * *
The orc hits you with a +0 club.
* * * LOW HITPOINT WARNING * * *
The orc hits you but does no damage.
You closely miss the orc.
The orc is almost dead.
The orc barely misses you. The orc hits you but does no damage.
The orc hits you with a +0 club.
* * * LOW HITPOINT WARNING * * *
The orc priest barely misses you. The orc closely misses you.
You claw the orc!
You kill the orc!
The orc hits you but does no damage. The orc priest barely misses you.
The orc hits you with a +0 short sword.
* * * LOW HITPOINT WARNING * * *
You closely miss the orc. The orc closely misses you.
The orc hits you with a +0 club.
* * * LOW HITPOINT WARNING * * *
The orc priest hits you with a +0 hand axe.
* * * LOW HITPOINT WARNING * * *
The orc barely misses you.
Unknown command.
You completely miss the orc. The orc hits you with a +0 short sword.
You die...

#.....### #...(.
#.......# #.....
#######.# #..... #.##
###### #..#
##.######## ##
#......... . ######.
#..######## . #....'.
#..o@oo...###.#.####.
#..ooo.....##.#.# #.
#..........$#.#.# #.
#..........⌠#...# #.
#..........$#...# ..
##.........##.#.# ###
#........###.#.#
#.######## ..#.# #.
.. #.#


You could see an orc priest and 5 orcs.

Vanquished Creatures
  Terence (D:2)
  A dart slug (D:2)
  An orc (D:2)
  6 bats
  3 endoplasms (D:1)
  7 giant cockroaches
  3 goblins
  2 hobgoblins (D:2)
  3 jackals (D:1)
  6 kobolds
  4 quokkas (D:1)
  3 ball pythons (D:1)
  2 frilled lizards
  8 rats
50 creatures vanquished.

Notes
Turn   | Place    | Note
-------+----------+-------------------------------------------
     0 | D:1      | siradein the Troll Monk began the quest for the Orb.
     0 | D:1      | Reached XP level 1. HP: 22/22 MP: 0/0
    66 | D:1      | Reached XP level 2. HP: 29/29 MP: 1/1
   356 | D:1      | Reached XP level 3. HP: 36/36 MP: 2/2
   604 | D:1      | Found a faded altar of an unknown god.
   831 | D:2      | Noticed Terence
   857 | D:2      | Killed Terence
   893 | D:2      | Reached XP level 4. HP: 45/45 MP: 3/3
  1164 | D:2      | HP: 1/45 [orc priest (4)]
  1165 | D:2      | Slain by an orc

Illustrated notes

Levels and vault maps discovered:
D:1:      minmay_arrival_doors, layout_loops_ring,
          shapermc_ecumenical_altar_pompeii
D:2:      cheibrodos_pilgrimage, layout_basic, minmay_tromino_v2, uniq_terence

Skill      XL: |  1  2  3 |
---------------+----------+-----
Fighting       | 3 |  3.1
Dodging        | 3 |  3.1
Stealth        | |  1.0
Unarmed Combat | |  3.8

Action                   |  1- 3 |  4- 6 || total
-------------------------+-------+-------++-------
Melee: Unarmed           |    99 |    29 ||   128
       Punch             |     1 |       ||     1
 Stab: Sleeping          |     4 |       ||     4
Armor: Robe              |    32 |    12 ||    44
Dodge: Dodged            |    39 |    25 ||    64

Table legend: (Time is in decaauts)
 A = Elapsed time spent in this place.
 B = Non-inter-level travel time spent in this place.
 C = Inter-level travel time spent in this place.
 D = Time resting spent in this place.
 E = Time spent auto-exploring this place.
 F = Levels seen in this place.
 G = Mean time per level.
                   A        B        C        D        E       F      G
               +--------+--------+--------+--------+--------+-----+--------+
         Total |   1156 |   1145 |     11 |      0 |    825 |   2 |  578.0 |
       Dungeon |   1156 |   1145 |     11 |      0 |    825 |   2 |  578.0 |
               +--------+--------+--------+--------+--------+-----+--------+

Top non-repeatable levels by time:
     D:1: 637 daAuts
     D:2: 518 daAuts
